 Dungeon Crawl Stone Soup version 0.32-a0-558-g233958a4c4 (webtiles) character file.

Game seed: 3863196019573764835

21 Dirtsage the Chopper (level 2, -1/22 HPs)
             Began as a Coglin Gladiator on Feb 29, 2024.
             Slain by a goblin
             ... wielding a +0 dagger
             ... led by Robin
              (2 damage)
             ... on level 1 of the Dungeon.
             The game lasted 00:00:50 (616 turns).

Dirtsage the Chopper (Coglin Gladiator)              Turns: 616, Time: 00:00:51

Health: -1/22      AC:  7    Str: 14    XL:     2   Next: 83%
Magic:  2/2        EV: 11    Int:  7    God:
Gold:   23         SH:  0    Dex: 15    Spells: 1/1 levels left

rFire   . . .        a - +0 war axe {Tiberia}
rCold   . . .        (no shield)
rNeg    . . .        g - +0 ring mail
rPois   .            c - +0 helmet
rElec   .            (no cloak)
rCorr   .            f - +0 pair of gloves
SInv    .            (no boots)
Will    .....        (amulet unavailable)
Stlth   +            (ring unavailable)
HPRegen 0.23/turn    (ring unavailable)
MPRegen 0.08/turn    (no gizmo)

%: no passive effects
@: revved
A: off-hand wielding, slow wielding, warmup strikes, no jewelry
a: Invent Gizmo


You were on level 1 of the Dungeon.
You visited 1 branch of the dungeon, and saw 2 of its levels.

You collected 23 gold pieces.

Inventory:

Hand Weapons
 a - a +0 war axe (weapon) {Tiberia}
Missiles
 d - 3 throwing nets (quivered)
 e - a javelin
Armour
 c - a +0 helmet (worn)
 f - a +0 pair of gloves (worn)
 g - a +0 ring mail (worn)
Scrolls
 b - a scroll of vulnerability {unknown}
 h - a scroll of brand weapon {unknown}
 k - a scroll of identify {unknown}
 l - a scroll of teleportation {unknown}
Potions
 i - 2 potions of curing {unknown}
 j - a potion of magic {unknown}
 m - a potion of lignification {unknown}


   Skills:
 - Level 2.0 Fighting
 + Level 4.0 Axes
 - Level 1.7 Throwing
 - Level 2.6 Dodging


You had one spell level left.
You didn't know any spells.
Your spell library was empty.

Dungeon Overview and Level Annotations

Branches:
Dungeon (2/15)

Altars:

Annotations:
D:2 Robin


Innate Abilities, Weirdness & Mutations

You can wield a second weapon in your off-hand.
It takes a long time for you to wield or remove held weapons.
Your first few attacks do less damage.
You cannot equip rings or amulets.


Message History

You hit the goblin.
You kill the goblin!
A ball python comes into view.
Robin roars a battlecry!
The goblins go into a battle-frenzy!
The goblin hits you but does no damage. The goblin hits you with a +0 dagger.
The goblin shoots a sling bullet.
The sling bullet hits you.
You take 6 damage, and have 16/22 hp.
MASSIVE DAMAGE!!
You closely miss the goblin. You barely miss the goblin.
You closely miss the hobgoblin. You closely miss the goblin.
You slash the hobgoblin!
You kill the hobgoblin!
You hit the goblin. The hobgoblin misses you. The goblin closely misses you.
The goblin hits you but does no damage. x2
Your Axes skill increases to level 4!
The hobgoblin hits you but does no damage.
The goblin closely misses you. The goblin barely misses you.
The goblin hits you but does no damage. The goblin hits you with a +0 club.
The goblin hits you but does no damage.
You climb upwards.
There is a stone staircase leading down here.
You take 1 damage, and have 15/22 hp.
You are too injured to fight recklessly!
You are too injured to fight recklessly!
You are too injured to fight recklessly!
You barely miss the goblin.
The goblin is severely wounded.
You barely miss the goblin. You closely miss the goblin. You hit the goblin.
You kill the goblin!
You closely miss the hobgoblin. You closely miss the goblin.
The goblin hits you with a +0 dagger. The hobgoblin hits you.
The goblin hits you but does no damage. x2; The goblin hits you with a +0 club.
The goblin hits you with a +0 dagger.
* * * LOW HITPOINT WARNING * * *
The goblin hits you with a +0 dagger.
* * * LOW HITPOINT WARNING * * *
The goblin closely misses you. The hobgoblin hits you.
* * * LOW HITPOINT WARNING * * *
The goblin hits you with a +0 dagger.
You die...

#.# ############.#
#..........#.#
#.##.........######
#.##.........##...#
#.##......†..##...#
#.########+#.##...#
#.########.#.##.)[#
..............'g@g#
#.########.#.##ggg#
#.########.#.##...#
........##.#.###'##
........##.#'###.#
........##.......#
#.########[......######
#.# #.....÷......##
#.##### #.#.###.####..#


You could see a hobgoblin (strong) and 4 goblins.

Vanquished Creatures
  2 giant cockroaches (D:1)
  2 hobgoblins
  6 jackals (D:1)
  2 ball pythons (D:1)
  3 bats (D:1)
  3 goblins
  A kobold (D:1)
19 creatures vanquished.

Notes
Turn   | Place    | Note
-------+----------+-------------------------------------------
     0 | D:1      | Dirtsage the Coglin Gladiator began the quest for the Orb.
     0 | D:1      | Reached XP level 1. HP: 16/16 MP: 1/1
    92 | D:1      | Reached XP level 2. HP: 22/22 MP: 2/2
   610 | D:2      | Noticed Robin
   614 | D:2      | Reached skill level 4 in Axes
   616 | D:1      | HP: 1/22 [hobgoblin[Robin] (2)]
   616 | D:1      | Slain by a goblin

Illustrated notes

Levels and vault maps discovered:
D:1:      elethiomel_arrival_quiet, layout_basic, supply_closet_lemuel
D:2:      layout_rooms, uniq_terence, uniq_robin

Skill      XL: |  1  2 |
---------------+-------+-----
Axes           | 4 |  4.0
Fighting       | |  2.0
Throwing       | |  1.7
Dodging        | |  2.6

Action                     || total
---------------------------++-------
  Melee: War axe           ||    41
 Armour: Leather armour    ||     8
         Ring mail         ||    51
  Dodge: Dodged            ||    48

Table legend: (Time is in decaauts)
 A = Elapsed time spent in this place.
 B = Non-inter-level travel time spent in this place.
 C = Inter-level travel time spent in this place.
 D = Time resting spent in this place.
 E = Time spent auto-exploring this place.
 F = Levels seen in this place.
 G = Mean time per level.
                   A        B        C        D        E       F      G
               +--------+--------+--------+--------+--------+-----+--------+
         Total |    629 |    607 |     22 |      0 |    497 |   2 |  314.5 |
       Dungeon |    629 |    607 |     22 |      0 |    497 |   2 |  314.5 |
               +--------+--------+--------+--------+--------+-----+--------+

Top non-repeatable levels by time:
     D:1: 623 daAuts
     D:2: 5 daAuts
